 Dungeon Crawl Stone Soup version 0.26.1-2-gb8aa6d0cf2 (webtiles) character file.

Game seed: 3558313766550786813

102650 Pooter the Severer (level 15, -11/138 HPs)
             Began as a Minotaur Berserker on Feb 9, 2021.
             Was a High Priest of Trog.
             Killed by an exploding a brown ugly thing (31 damage)
             ... exploding inner flame
             ... on level 14 of the Dungeon on Feb 10, 2021.
             The game lasted 03:18:35 (27264 turns).

Pooter the Severer (Minotaur Berserker)            Turns: 27264, Time: 03:18:36

Health: -11/138    AC: 25    Str: 30    XL:     15   Next: 86%
Magic:  14/14      EV:  8    Int: 16    God:    Trog [*****.]
Gold:   51         SH: 30    Dex: 17    Spells: 14/14 levels left

rFire    . . .     SeeInvis +   a - +5 broad axe (protect)
rCold    + + +     Faith    .   z - +7 tower shield
rNeg     . . .     Spirit   .   A - +4 ice dragon scales "Qaxoic" {rPois rF- rC++ SInv}
rPois    +         Reflect  +   (helmet unavailable)
rElec    .         Harm     .   H - scarf {rC+ rF+}
rCorr    .         Rampage  .   (no gloves)
Will     +....                  (no boots)
Stlth    ..........             Y - amulet "Huil Rud" {Reflect Str+5 Int+4 SH+5}
HPRegen  0.33/turn              Z - +6 ring of dexterity
MPRegen  0.14/turn              k - ring "Afenuf" {rPois Int+6 Slay+5 Stlth-}

@: protection aura, studying 2 skills
A: retaliatory headbutt, horns 3, iridescent scales 1
a: Renounce Religion, Berserk, Trog's Hand, Brothers in Arms


You were on level 14 of the Dungeon.
You worshipped Trog.
Trog was extremely pleased with you.
You visited 3 branches of the dungeon, and saw 21 of its levels.
You also visited: Sewer, Bailey and Volcano.

You collected 1829 gold pieces.
You spent 1778 gold pieces at shops.

Inventory:

Hand Weapons
 a - a +5 broad axe of protection (weapon)
   (Trog gifted it to you on level 3 of the Lair of Beasts)
 b - a +0 hand crossbow of flaming
   (You found it on level 6 of the Lair of Beasts)
 y - a +1 morningstar of holy wrath
   (You took it off a molten gargoyle in a volcano)
 G - a +3 war axe of venom
   (You bought it in a shop on level 7 of the Dungeon)
Missiles
 j - 13 boomerangs (quivered)
 r - 116 poisoned darts
 x - 11 atropa-tipped darts
 I - 97 bolts
 T - 4 curare-tipped darts
Armour
 z - a +7 tower shield (worn)
   (You found it on level 4 of the Dungeon)
 A - the +4 ice dragon scales "Qaxoic" (worn) {rPois rF- rC++ SInv}
   (You found it in a bailey)

   It makes you vulnerable to fire.
   It greatly protects you from cold.
   It protects you from poison.
   It lets you see invisible.
 H - a scarf of resistance (worn)
   (You found it on level 10 of the Dungeon)
Jewellery
 k - the ring "Afenuf" (right hand) {rPois Int+6 Slay+5 Stlth-}
   (You acquired it on level 12 of the Dungeon)

   [ring of intelligence]

   It affects your intelligence (+6).
   It affects your accuracy and damage with ranged weapons and melee attacks
   (+5).
   It protects you from poison.
   It makes you less stealthy.
 q - an uncursed amulet of regeneration {unknown}
   (You found it on level 1 of the Lair of Beasts)
 s - an uncursed ring of flight
   (You found it on level 3 of the Lair of Beasts)
 w - an uncursed amulet of guardian spirit {unknown}
   (You found it on level 6 of the Lair of Beasts)
 N - an uncursed ring of positive energy
   (You found it on level 1 of the Dungeon)
 P - an uncursed ring of poison resistance
   (You found it on level 12 of the Dungeon)
 S - an uncursed ring of see invisible
   (You found it on level 2 of the Dungeon)
 V - a cursed amulet of inaccuracy {unknown}
   (You found it in a volcano)
 Y - the amulet "Huil Rud" (around neck) {Reflect Str+5 Int+4 SH+5}
   (You found it on level 11 of the Dungeon)

   [amulet of reflection]

   It shields you and reflects attacks.
   It affects your strength (+5).
   It affects your intelligence (+4).
   It affects your SH (+5).
 Z - a +6 ring of dexterity (left hand)
   (You found it on level 2 of the Lair of Beasts)
Wands
 c - a wand of disintegration (20)
   (You found it on level 2 of the Dungeon)
 d - a wand of iceblast (8)
   (You found it on level 5 of the Dungeon)
 f - a wand of flame (56)
   (You took it off an orc on level 11 of the Dungeon)
 u - a wand of paralysis (7)
   (You found it on level 3 of the Lair of Beasts)
 D - a wand of digging (7)
   (You found it on level 9 of the Dungeon)
 R - a wand of polymorph (14)
   (You found it on level 8 of the Dungeon)
 X - a wand of enslavement (11)
   (You took it off an orc on level 11 of the Dungeon)
Scrolls
 e - 11 scrolls of remove curse {@r2}
 n - 9 scrolls of teleportation {unknown}
 o - 3 scrolls of immolation {!r}
 t - a scroll of fog
 v - 3 scrolls of magic mapping
 E - 5 scrolls of blinking
 J - a scroll of summoning
 K - 2 scrolls of silence
 Q - a scroll of fear {unknown}
Potions
 g - 3 potions of flight
 h - 5 potions of attraction {!q}
 l - 4 potions of heal wounds {@q2}
 p - 9 potions of curing {@q1}
 F - 2 potions of might
 L - 3 potions of lignification {!q}
 M - 2 potions of mutation {!q}
 U - 2 potions of invisibility
Books
 m - a manual of Evocations {!d}
   (You acquired it on level 7 of the Dungeon)
 O - a manual of Throwing {!d}
   (You acquired it on level 12 of the Dungeon)
Miscellaneous
 C - a phial of floods
   (You found it in a bailey)
 W - a phantom mirror
   (You found it on level 12 of the Dungeon)


   Skills:
 + Level 14.2 Fighting
 * Level 18.9(19.3) Axes
 + Level 4.4(13.4) Maces & Flails
 - Level 6.1(13.9) Polearms
 - Level 10.8 Crossbows
 + Level 7.7 Throwing
 - Level 8.9 Armour
 - Level 2.1 Dodging
 - Level 8.3 Shields
 + Level 12.6 Evocations


You had 14 spell levels left.
You didn't know any spells.
Your spell library was empty.

Dungeon Overview and Level Annotations

Branches:
Dungeon (14/15)            Temple (0/1) D:7            Lair (6/6) D:10
  Swamp (0/4) Lair:2        Snake (0/4) Lair:2        Slime (0/5) Lair:5
    Orc (1/2) D:10         Vaults (0/5) D:13          Sewer (visited)
 Bailey (visited)         Volcano (visited)

Altars:
Ashenzari
Dithmenos
Fedhas
Hepliaklqana
Okawaru
Qazlal
Ru
Uskayaw
Wu Jian
Xom
Yredelemnul
Zin
The Shining One

Shops:
D:6 [   D:7 ?([:(   D:14 !

Annotations:
Lair:1 2 transporters, growler's ghost, journeyman MfGl
Lair:4 2 transporters


Innate Abilities, Weirdness & Mutations

You reflexively headbutt those who attack you in melee.
You have a pair of large horns on your head.
You are partially covered in iridescent scales. (AC +2)


Message History

The red ugly thing is engulfed in blazing flames.
The boulder beetle leaps!
You block the brown ugly thing's attack.
The brown ugly thing is engulfed in blazing flames.
Flame seeps out of the brown ugly thing.
The brown ugly thing is engulfed in blazing flames.
Flame seeps out of the brown ugly thing.
The brown ugly thing basks in the mutagenic energy from its kin and changes!
A wight comes into view. It is wielding a +0 battleaxe.
The boulder beetle is engulfed in blazing flames.
Flame seeps out of the boulder beetle.
The boulder beetle leaps!
You hit the boulder beetle but do no damage.
Your weapon exudes an aura of protection.
You hit the bush. You slice the bush!! You slash the brown ugly thing!
Trog accepts your kill.
You hit the bush but do no damage.
You completely miss the brown ugly thing.
You hit the bush.
The brown ugly thing explodes!
The fiery explosion engulfs the bush!!!
The bush is on fire!
The fiery explosion engulfs the wight!!!
You destroy the wight!
Trog accepts your kill. The fiery explosion engulfs you!
* * * LOW HITPOINT WARNING * * *
The fiery explosion engulfs the bush!!!
The bush is on fire!
You destroy the bush!
The fiery explosion engulfs the bush!!!
The bush is on fire!
You destroy the bush!
The fiery explosion engulfs the bush!!
The bush is on fire!
The fiery explosion engulfs the brown ugly thing!!!
Flame seeps out of the brown ugly thing.
You are engulfed in blazing flames.
* * * LOW HITPOINT WARNING * * *
The bush is engulfed in blazing flames. x2
You block the boulder beetle's attack.
The brown ugly thing is engulfed in blazing flames.
Flame seeps out of the brown ugly thing.
You block the brown ugly thing's attack.
The red ugly thing is engulfed in blazing flames.
Flame seeps out of the red ugly thing.
Unknown command.
The bush is engulfed in blazing flames. x2
The brown ugly thing is engulfed in blazing flames.
Trog accepts your kill.
The brown ugly thing explodes!
The fiery explosion engulfs the red ugly thing!
The red ugly thing resists.
Flame seeps out of the red ugly thing.
The fiery explosion engulfs you!!
You die...

... .... .... #
..... .# z...###
####.#
..z..####....##
#.P§P.......
#.z§BP..#.#
#.§§§@P.#.#
#).uPPP.#.#
#..P.P..#.#
#.○u☼...#.#
###.###...### #†.#
###...#
....B(.########'###
...u.## #.........#
..((. #.........#


You could see a boulder beetle (inner flame), 2 ugly things and 2 wights.

Vanquished Creatures
  Rupert (Lair:6)
  Gastronok (Lair:2)
  A tengu reaver (D:13)
  A stone giant (D:13)
  A red draconian (Volcano)
  6 dire elephants (Lair:6)
  Snorg (Lair:6)
  Harold (D:11)
  11 hydras
  An anaconda (Lair:6)
  4 catoblepae
  2 dancing weapons (D:13)
  A centaur warrior (D:13)
  22 death yaks
  A tengu warrior (D:13)
  Sonja (Lair:6)
  A fire crab (Lair:6)
  A salamander mystic (Volcano)
  4 skeletal warriors (D:14)
  4 unseen horrors
  3 bog bodies (Lair:2)
  4 lindwurms (D:12)
  16 ugly things
  An orb spider (shapeshifter) (D:14)
  A phantasmal warrior (D:13)
  A wolf spider (Lair:6)
  A deep elf mage (D:11)
  4 salamanders (Volcano)
  A manticore (D:13)
  11 elephants
  7 black mambas
  12 cane toads
  2 molten gargoyles (Volcano)
  3 gargoyles
  9 komodo dragons
  A tengu conjurer (D:13)
  2 trolls
  3 hornets
  3 polar bears
  34 blink frogs
  9 slime creatures
  A meliai zombie (D:12)
  A wyvern (D:10)
  3 shadows
  19 yaks
  A fire bat (Volcano)
  6 basilisks
  Menkaure (D:4)
  A vampire mosquito (D:13)
  A swamp worm (Lair:2)
  A naga (Lair:2)
  A soldier ant (D:11)
  14 water moccasins
  2 acid dragons (D:12)
  A swamp drake (D:11)
  5 orc warriors
  An eye of draining (D:13)
  2 ice beasts
  2 phantoms (D:10)
  5 sky beasts
  A necrophage (D:7)
  11 ogres
  6 black bears
  24 wolves
  17 centaurs
  4 big kobolds
  16 bullfrogs
  8 gnoll sergeants (Bailey)
  4 scorpions
  6 killer bees (D:9)
  21 wights
  2 electric eels
  5 howler monkeys
  5 centaur zombies
  A crimson imp (D:11)
  A lava snake (Volcano)
  An iron imp (D:11)
  8 jellies
  10 orc priests
  3 bullfrog zombies
  10 hounds
  7 gnoll shamans
  2 bullfrog skeletons
  9 centaur skeletons
  12 orc wizards
  7 iguanas
  6 worker ants
  2 hound zombies
  3 hound skeletons
  2 howler monkey zombies
  A howler monkey skeleton (D:3)
  27 gnolls
  14 adders
  7 shadow imps
  5 white imps
  2 ufetubi
  3 oozes (Lair:5)
  An adder skeleton (D:8)
  2 worms
  4 dart slugs
  7 leopard geckos
  55 orcs
  4 ball pythons
  8 bats
  11 giant cockroaches
  17 goblins
  11 hobgoblins
  9 jackals
  7 quokkas
  9 frilled lizards
  24 kobolds
  A leopard gecko skeleton (D:9)
  3 rats (D:1)
  2 bushes (D:14)
710 creatures vanquished.

Vanquished Creatures (collateral kills)
  A polar bear (Lair:5)
1 creature vanquished.

Vanquished Creatures (others)
  A deep elf mage (D:11)
  A wraith (D:14)
  2 orcs (D:11)
  A kobold (D:7)
  9 bushes
  32 fungi
  66 plants
112 creatures vanquished.

Grand Total: 823 creatures vanquished

Notes
Turn   | Place    | Note
-------+----------+-------------------------------------------
     0 | D:1      | Pooter the Minotaur Berserker began the quest for the Orb.
     0 | D:1      | Reached XP level 1. HP: 19/19 MP: 0/0
   119 | D:1      | Reached skill level 4 in Axes
   191 | D:1      | Reached XP level 2. HP: 27/27 MP: 1/1
   718 | D:1      | Reached XP level 3. HP: 32/33 MP: 2/2
   973 | D:2      | Found a faded altar of an unknown god.
  1102 | D:2      | Reached skill level 1 in Throwing
  1106 | D:2      | Reached ** piety under Trog
  1742 | D:3      | Reached XP level 4. HP: 41/41 MP: 3/3
  1780 | D:3      | Found a glowing drain.
  1806 | D:3      | Reached skill level 5 in Axes
  1905 | Sewer    | Entered a sewer
  2118 | Sewer    | Noticed a bullfrog
  2118 | Sewer    | Noticed a bullfrog
  2120 | Sewer    | Killed a bullfrog
  2121 | Sewer    | Reached skill level 1 in Polearms
  2121 | Sewer    | Reached skill level 1 in Evocations
  2121 | Sewer    | Reached XP level 5. HP: 47/47 MP: 4/4
  2617 | D:3      | Reached XP level 6. HP: 55/55 MP: 5/5
  2728 | D:3      | Noticed a shadow
  2729 | D:3      | Found a shadowy altar of Dithmenos.
  2730 | D:3      | Found a hazy altar of Hepliaklqana.
  2823 | D:3      | You fall into a shaft and drop 1 floor!
  2827 | D:4      | Reached skill level 5 in Fighting
  2827 | D:4      | Reached skill level 6 in Axes
  2881 | D:4      | Noticed Menkaure
  2882 | D:4      | Killed Menkaure
  3435 | D:4      | Reached *** piety under Trog
  3525 | D:4      | Reached XP level 7. HP: 48/61 MP: 6/6
  3641 | D:4      | Found a glowing golden altar of the Shining One.
  3766 | D:4      | Reached skill level 7 in Axes
  3988 | D:5      | Entered Level 5 of the Dungeon
  4158 | D:5      | Found a glowing silver altar of Zin.
  4162 | D:5      | Found a shimmering altar of Xom.
  4164 | D:5      | Noticed an angel
  4537 | D:5      | Found a sacrificial altar of Ru.
  4842 | D:5      | Reached XP level 8. HP: 63/70 MP: 7/7
  4983 | D:6      | Reached skill level 8 in Axes
  5440 | D:6      | Identified the +2 dagger "Song" {drain, Will+ Str-4 Dex+5}
  5486 | D:6      | Reached skill level 9 in Axes
  5486 | D:6      | Reached skill level 5 in Polearms
  5665 | D:6      | Noticed a +0 hand axe
  5666 | D:6      | Noticed a +0 dagger
  5678 | D:6      | Found a hide-covered altar of Uskayaw.
  5717 | D:6      | Found a basalt altar of Yredelemnul.
  5768 | D:6      | Found Jistecw's Armour Shop.
  6175 | D:6      | Reached **** piety under Trog
  6186 | D:6      | Found an iron altar of Okawaru.
  6193 | D:6      | Found a blossoming altar of Fedhas.
  6227 | D:7      | Found Iskuonkiq's Book Shop.
  6231 | D:7      | Found Tuitt's Antique Armour Boutique.
  6242 | D:7      | Reached XP level 9. HP: 68/78 MP: 8/8
  6330 | D:7      | Found Xann's Antique Weapon Shoppe.
  6347 | D:7      | Bought a runed war axe for 214 gold pieces
  6366 | D:7      | Found Issipoh's Magic Scroll Emporium.
  6381 | D:7      | Bought a scroll of immolation for 45 gold pieces
  6381 | D:7      | Bought a scroll of identify for 26 gold pieces
  6381 | D:7      | Bought a scroll of identify for 26 gold pieces
  6504 | D:7      | Found a flagged portal.
  6527 | Bailey   | Entered a bailey
  6627 | Bailey   | Reached skill level 5 in Throwing
  6830 | Bailey   | Reached skill level 1 in Shields
  7225 | Bailey   | Reached skill level 10 in Axes
  7490 | Bailey   | Got transparent ice dragon scales
  7506 | Bailey   | Identified the +4 ice dragon scales "Qaxoic" {rPois rF-
                  | rC++ SInv} (You found it in a bailey)
  7587 | D:7      | Found Tukheis's Antique Weapon Shop.
  7599 | D:7      | Bought a glowing hand crossbow for 234 gold pieces
  7961 | D:7      | Reached ***** piety under Trog
  8100 | D:7      | Reached skill level 1 in Crossbows
  8211 | D:7      | Found a staircase to the Ecumenical Temple.
  8574 | D:7      | Bought a scroll of enchant weapon for 97 gold pieces
  8783 | D:8      | Found a stormy altar of Qazlal.
  8918 | D:8      | Reached XP level 10. HP: 88/88 MP: 9/9
  9352 | D:8      | Reached skill level 5 in Evocations
  9538 | D:9      | Found an ornate altar of the Wu Jian Council.
  9665 | D:9      | Reached skill level 11 in Axes
 10174 | D:9      | Found a broken altar of Ashenzari.
 10324 | D:10     | Entered Level 10 of the Dungeon
 10462 | D:10     | Noticed a gargoyle
 10515 | D:10     | Reached skill level 5 in Armour
 10523 | D:9      | Killed a gargoyle
 10647 | D:10     | Received a gift from Trog
 10724 | D:10     | Noticed a gargoyle
 10731 | D:10     | Killed a gargoyle
 10802 | D:10     | Found a staircase to the Lair.
 10946 | D:10     | Reached XP level 11. HP: 97/97 MP: 10/10
 11013 | D:10     | Found a staircase to the Orcish Mines.
 11154 | Orc:1    | Entered Level 1 of the Orcish Mines
 11210 | Lair:1   | Entered Level 1 of the Lair of Beasts
 11280 | Lair:1   | Reached skill level 12 in Axes
 11283 | Lair:1   | Reached skill level 5 in Shields
 11401 | Lair:1   | Noticed a four-headed hydra
 11410 | Lair:1   | Killed a four-headed hydra
 11592 | Lair:1   | Found a dark tunnel.
 11596 | Volcano  | Entered a volcano
 11808 | Volcano  | Found a radiant altar of Vehumet.
 11808 | Volcano  | Noticed a salamander mystic
 11817 | Volcano  | Reached skill level 5 in Crossbows
 11817 | Volcano  | Killed a salamander mystic
 12158 | Volcano  | Noticed a red draconian
 12177 | Volcano  | Killed a red draconian
 12178 | Volcano  | Reached skill level 13 in Axes
 12607 | Volcano  | Reached skill level 10 in Fighting
 12678 | Lair:1   | Reached XP level 12. HP: 97/106 MP: 11/11
 12778 | Lair:1   | Got a steaming robe
 13012 | Lair:1   | Noticed a catoblepas
 13023 | Lair:1   | Killed a catoblepas
 13293 | Lair:1   | Noticed growler's ghost (journeyman MfGl)
 13316 | Lair:1   | Found a transporter.
 13321 | Lair:1   | Found a transporter.
 13738 | Lair:2   | Noticed a death yak
 13740 | Lair:2   | Noticed a death yak
 13741 | Lair:2   | Noticed a death yak
 13741 | Lair:2   | Noticed a death yak
 13741 | Lair:2   | Noticed a death yak
 13764 | Lair:1   | Killed a death yak
 13797 | Lair:1   | Killed a death yak
 13925 | Lair:1   | Killed a death yak
 14036 | Lair:1   | Killed a death yak
 14038 | Lair:1   | Killed a death yak
 14039 | Lair:1   | Reached skill level 14 in Axes
 14130 | Lair:2   | Found a staircase to the Snake Pit.
 14244 | Lair:2   | Noticed Gastronok
 14263 | Lair:2   | Killed Gastronok
 14619 | Lair:2   | Found a staircase to the Swamp.
 14752 | Lair:2   | Noticed a seven-headed hydra
 14819 | Lair:1   | Killed a seven-headed hydra
 14820 | Lair:1   | Reached XP level 13. HP: 77/116 MP: 12/12
 15254 | Lair:3   | Received a gift from Trog
 16034 | Lair:3   | Reached skill level 15 in Axes
 16489 | Lair:4   | Found a transporter.
 16489 | Lair:4   | Found a transporter.
 16636 | Lair:4   | You fall into a shaft and drop 2 floors!
 16636 | Lair:6   | Entered Level 6 of the Lair of Beasts
 16686 | Lair:6   | Noticed Snorg
 16706 | Lair:6   | HP: 3/174 [Snorg (14)]
 16707 | Lair:6   | Killed Snorg
 16726 | Lair:6   | Noticed Rupert
 17577 | Lair:5   | Found a staircase to the Slime Pits.
 17915 | D:7      | Bought a scroll of acquirement for 676 gold pieces
 17915 | D:7      | Acquired a manual of Evocations
 19123 | Lair:6   | Reached skill level 16 in Axes
 19171 | Lair:6   | Killed Rupert
 19172 | Lair:6   | Reached XP level 14. HP: 126/126 MP: 13/13
 19338 | Lair:6   | Reached skill level 10 in Evocations
 19829 | Lair:6   | Received a gift from Trog
 19846 | Lair:6   | Noticed Sonja
 19852 | Lair:6   | Killed Sonja
 20027 | Lair:6   | Reached skill level 17 in Axes
 20049 | Lair:6   | Reached skill level 10 in Crossbows
 22577 | D:11     | Reached XP level 15. HP: 119/136 MP: 14/14
 22642 | D:11     | Got a transparent golden amulet
 22652 | D:11     | Identified the amulet "Huil Rud" {Reflect Str+5 Int+4 SH+5}
                  | (You found it on level 11 of the Dungeon)
 22846 | D:11     | Noticed Harold
 22860 | D:11     | Killed Harold
 24170 | D:12     | Reached skill level 18 in Axes
 24955 | D:12     | Acquired a manual of Throwing
 24958 | D:12     | Acquired the ring "Afenuf" {rPois Int+6 Slay+5 Stlth-}
 25421 | D:13     | Reached skill level 1 in Maces & Flails
 25556 | D:13     | Gained mutation: You have a pair of large horns on your
                  | head. [potion of mutation]
 25556 | D:13     | Gained mutation: You are partially covered in iridescent
                  | scales. (AC +2) [potion of mutation]
 25705 | D:13     | Received a gift from Trog
 26103 | D:7      | Bought 2 scrolls of enchant weapon for 195 gold pieces
 26105 | D:7      | Bought a scroll of immolation for 45 gold pieces
 26105 | D:7      | Bought a scroll of identify for 26 gold pieces
 26105 | D:7      | Bought a scroll of enchant armour for 97 gold pieces
 26105 | D:7      | Bought a scroll of enchant armour for 97 gold pieces
 26315 | D:13     | Found a gate to the Vaults.
 26526 | D:13     | Found a runed translucent door.
 26596 | D:13     | Noticed a tengu reaver
 26603 | D:13     | Killed a tengu reaver
 27050 | D:14     | Found Ytedack's Distillery.
 27218 | D:14     | Found a blossoming altar of Fedhas.
 27264 | D:14     | Killed by an exploding a brown ugly thing... exploding
                  | inner flame

Illustrated notes

Levels and vault maps discovered:
D:1:      wander_arrival_estate, layout_basic, minmay_tetromino_t4
D:2:      layout_basic, chequers_ecumenical_altar_lobes
D:3:      layout_loops_ring, riverfiend_overflow_shadow_ancestor,
          gup_sewer_entry_glass, guppyfry_early_orc_mine
D:4:      layout_basic, overflow_temple_1_default, uniq_menkaure
D:5:      layout_basic, grunt_temple_overflow_order_and_chaos_1,
          kennysheep_little_box, amcnicky_mini_corridor_feature,
          nrook_loot_triangle, grunt_decor_arrowhead
D:6:      layout_loops_ring, dancing_weapons_uskayaw, yredelemnul_altar_generic,
          amethyst_overflow_temple_binary, serial_shops, shop
D:7:      layout_basic, minmay_temple_entry_arrows, serial_shops, shop_statue,
          kennysheep_mini_moat, shop, nicolae_shop_stone, shop, enter_bailey_5
D:8:      layout_basic, nicolae_qazlal_eye_of_the_storm
D:9:      layout_irregular_city, nzn_wu_jian_contemplation, lemuel_round_altar
D:10:     layout_rooms, david_lair_generic, orc_0_dummy
D:11:     layout_loops_ring, hangedman_minor_magic, uniq_harold
D:12:     layout_loops_ring, minmay_lindwurm_lava
D:13:     layout_basic, erik_vaults_1, minivault_13
D:14:     layout_roguey, serial_shops, nicolae_shop_window_shopping, shop,
          fedhas_bush_and_centaur_altar
Lair:1:   layout_roguey, nicolae_volcano_entry_lava_flow, gammafunk_ghost_hive
Lair:2:   layout_cave_pods, nicolae_swamp_entry_splash_gauntlet,
          guppyfry_snake_entry_garden, grunt_forest_small_clearing_treed,
          uniq_gastronok
Lair:3:   layout_loops_ring, lemuel_fruit_tree
Lair:4:   gammafunk_boulding_lane, layout_long_grid, st_stairs_12,
          hibernation_bobbens, infiniplex_staircase_pool
Lair:5:   layout_hall_layers, nicolae_slime_entry_slimehenge, grunt_megastairs_5
Lair:6:   due_jungle_book, layout_loops_ring, minmay_shattered_shrine,
          uniq_sonja, uniq_rupert, uniq_snorg
Orc:1:    layout_caves, serial_shops, nicolae_shop_waterfront, basic_altar

Skill      XL: |  1  2  3  4  5  6  7  8  9 10 11 12 13 14 15 |
---------------+----------------------------------------------+-----
Axes           | 4 5 6 7 9 10 11 13 14 16 17 18 | 18.9
Fighting       | 4 5 6 7 9 10 11 12 13 14 | 14.2
Throwing       | 1 2 3 4 5 7 |  7.7
Polearms       | 1 2 3 5 6 |  6.1
Evocations     | 1 2 3 4 5 6 7 9 11 12 | 12.6
Shields        | 2 4 6 8 |  8.3
Armour         | 3 5 7 8 |  8.9
Crossbows      | 1 3 5 7 9 10 | 10.8
Maces & Flails | 4 |  4.4
Dodging        | |  2.1

Action                   |  1- 3 |  4- 6 |  7- 9 | 10-12 | 13-15 || total
-------------------------+-------+-------+-------+-------+-------++-------
Melee: Hand axe          |    91 |    57 |    57 |       |       ||   205
       Headbutt          |    15 |     9 |    43 |   110 |   267 ||   444
       Trident           |       |    54 |       |       |       ||    54
       Spear             |       |       |    53 |       |       ||    53
       Mace              |       |       |    10 |     6 |    14 ||    30
       War axe           |       |       |   107 |   421 |   558 ||  1086
       Morningstar       |       |       |       |     3 |    75 ||    78
       Broad axe         |       |       |       |       |   152 ||   152
 Fire: Hunting sling     |       |    35 |    46 |       |       ||    81
       Hand crossbow     |       |       |    38 |   131 |   170 ||   339
Throw: Boomerang         |     5 |    12 |    65 |    52 |    73 ||   207
       Dart              |       |       |       |       |     2 ||     2
Invok: Trog's Hand       |       |     2 |       |    13 |    23 ||    38
       Berserk           |       |     1 |       |     1 |     7 ||     9
       Brothers in Arms  |       |       |       |       |     2 ||     2
 Abil: Evoke Flight      |       |       |       |       |     1 ||     1
Evoke: Wand              |       |     3 |     7 |     6 |    17 ||    33
       Phial of floods   |       |       |       |     1 |       ||     1
  Use: Scroll            |     2 |     4 |     6 |     8 |    26 ||    46
       Potion            |       |       |       |     1 |     8 ||     9
 Stab: Petrified         |       |       |       |       |     1 ||     1
       Paralysed         |       |       |       |       |     1 ||     1
Armor: Animal skin       |     7 |       |       |       |       ||     7
       Ring mail         |     4 |       |       |       |       ||     4
       Chain mail        |    28 |    30 |    50 |       |       ||   108
       Plate armour      |       |       |    20 |    58 |   195 ||   273
       Ice dragon scales |       |       |    16 |    70 |    45 ||   131
Dodge: Dodged            |    45 |    13 |    24 |    52 |    70 ||   204
Block: Buckler           |     3 |     2 |       |       |       ||     5
       Kite shield       |       |    47 |       |       |       ||    47
       Reflection        |       |     2 |    18 |    14 |    26 ||    60
       Tower shield      |       |     4 |   247 |   452 |   890 ||  1593
